 Dungeon Crawl Stone Soup version 0.30-a0-168-g0b976cbdc4 (webtiles) character file.

Game seed: 17484835087912280863

32 qw the Shield-Bearer (level 3, -5/23 HPs)
             Began as a Gargoyle Fighter on Sept 29, 2022.
             Slain by a goblin
             ... wielding a +0 club
             ... led by Robin
              (6 damage)
             ... on level 2 of the Dungeon.
             The game lasted 00:00:17 (1058 turns).

qw the Shield-Bearer (Gargoyle Fighter)             Turns: 1058, Time: 00:00:18

Health: -5/23      AC: 10    Str: 21    XL:     3   Next: 25%
Magic:  3/3        EV:  9    Int:  8    God:
Gold:   50         SH:  4    Dex:  9    Spells: 2/2 levels left

rFire   . . .      SeeInvis .    Y - +0 war axe
rCold   . . .      Faith    .    c - +0 buckler
rNeg    + . .      Spirit   .    b - +0 scale mail
rPois   inf        Reflect  .    (no helmet)
rElec   +          Harm     .    (no cloak)
rCorr   .          Rampage  .    (no gloves)
Will    .....                    (no boots)
Stlth   ..........               (no amulet)
HPRegen 0.07/turn                (no ring)
MPRegen 0.08/turn                (no ring)

@: about to teleport
A: sickness immunity, AC +3, negative energy resistance 1, electricity
resistance, torment resistance 1, petrification resistance
a: no special abilities


You were on level 2 of the Dungeon.
You visited 1 branch of the dungeon, and saw 2 of its levels.

You collected 50 gold pieces.


Innate Abilities, Weirdness & Mutations

You are immune to sickness and miasma.
Your stone body is resilient. (AC +3)
You are immune to poison.
You resist negative energy. (rN+)
You are resistant to electric shocks. (rElec)
You are resistant to unholy torment.
You are immune to petrification.


   Skills:
 - Level 3.2 Fighting
 + Level 3.2 Axes
 - Level 3.2 Armour
 - Level 3.2 Shields


You had 2 spell levels left.
You didn't know any spells.
Your spell library was empty.

Inventory:

Hand Weapons
 f - a +0 flail
 Y - a +0 war axe (weapon)
Armour
 b - a +0 scale mail (worn)
 c - a +0 buckler (worn)
Potions
 d - a potion of might
 g - a potion of cancellation {unknown}
 h - a potion of brilliance {unknown}
 i - 2 potions of curing
 j - a potion of mutation {unknown}
 k - a potion of heal wounds {unknown}

Dungeon Overview and Level Annotations

Branches:
Dungeon (2/15)

Altars:
Ru

Annotations:
D:2 Robin


Message History

You hit the worm but do no damage.
The worm is moderately wounded.
Robin throws the goblin at you!
The goblin unwields a +0 sling.
The goblin wields a +0 dagger.
You block the goblin's attack. You block the worm's attack.
You slash the worm!
The worm is almost dead.
You hit the goblin. Robin hits you but does no damage.
The goblin hits you but does no damage. x2
Robin throws the goblin at you!
You hit the worm but do no damage.
The worm is almost dead.
You hit the goblin. x3
You kill the goblin!
The worm bites you. The goblin closely misses you.
The goblin hits you with a +0 club. Robin closely misses you.
You barely miss the worm.
The worm is severely wounded.
You barely miss the goblin. You closely miss the goblin. You hit the hobgoblin.
You block the hobgoblin's attack. The goblin barely misses you.
Robin misses you. The goblin hits you but does no damage.
The worm closely misses you.
You closely miss the hobgoblin.
The hobgoblin is almost dead.
You slash the goblin!
You kill the goblin!
You slash the goblin!
You kill the goblin!
You hit the worm.
You kill the worm!
The hobgoblin hits you with a +0 hand axe.
Robin throws the goblin at you! You block Robin's attack.
The hobgoblin hits you but does no damage.
The goblin completely misses you. The goblin closely misses you.
1058 ||| READING scroll of teleportation.
As you read the scroll of teleportation, it crumbles to dust.
You feel strangely unstable.
The hobgoblin hits you with a +0 hand axe.
The goblin hits you but does no damage. The goblin hits you with a +0 club.
You die...

#..##.... #..
........# #..
###.......# #..
.......... #>#
#.......!. #.#
#...g....#
#.####.g_...###
#.##...@g......
#.##..)g)...###
##..............
#..<......##.###
#.###.....# #
#.# #####.# #.#
... #.# .### #.#
.#


You could see Robin, a hobgoblin (strong) and 2 goblins.

Vanquished Creatures
  A worm (D:2)
  2 endoplasms (D:1)
  10 goblins
  A hobgoblin (D:1)
  2 quokkas (D:1)
  2 ball pythons (D:1)
  3 bats
  A frilled lizard (D:1)
  A kobold (D:1)
  2 rats (D:1)
25 creatures vanquished.

Notes
Turn   | Place    | Note
-------+----------+-------------------------------------------
     0 | D:1      | qw the Gargoyle Fighter began the quest for the Orb.
     0 | D:1      | Reached XP level 1. HP: 14/14 MP: 1/1
     0 | D:1      | 0 ||| qw: Version: 0.2-a-12-gaebbb33
     0 | D:1      | 0 ||| qw: Game counter: 1125
     0 | D:1      | 0 ||| qw: Always use a shield: true
     0 | D:1      | 0 ||| qw: God list: Okawaru
     0 | D:1      | 0 ||| qw: Allow faded altars: false
     0 | D:1      | 0 ||| qw: Do Orc after D:15 true
     0 | D:1      | 0 ||| qw: Do second Lair branch before Depths: true
     0 | D:1      | 0 ||| qw: Lair rune preference: random
     0 | D:1      | 0 ||| qw: Plans: Normal, Zot:1-4, God:TSO, Crypt, Tomb,
                  | Pan, Slime:5, Hells, Abyss, Orb
     0 | D:1      | 0 ||| PLANNING D:1-11
   123 | D:1      | 123 ||| Stepping ~*~*~tactically~*~*~ (stealth).
   225 | D:1      | Reached XP level 2. HP: 14/19 MP: 2/2
   350 | D:1      | Found a faded altar of an unknown god.
  1004 | D:1      | 1004 ||| READING 2 scrolls labelled ATIUST BEIQ.
  1007 | D:1      | 1007 ||| DRINKING 3 sedimented orange potions.
  1026 | D:2      | Found a sacrificial altar of Ru.
  1047 | D:2      | Noticed Robin
  1052 | D:2      | Reached skill level 3 in Axes
  1053 | D:2      | Reached XP level 3. HP: 21/23 MP: 3/3
  1057 | D:2      | HP: 5/23 [hobgoblin/+0 hand axe[Robin] (4)]
  1058 | D:2      | 1058 ||| READING scroll of teleportation.
  1058 | D:2      | HP: 1/23 [hobgoblin/+0 hand axe[Robin] (4)]
  1058 | D:2      | Slain by a goblin

Levels and vault maps discovered:
D:1:      giann_wishing_wells, layout_loops_ring,
          hellmonk_ecumenical_altar_inner_sanctum, chequers_serial_rivers_room_a
D:2:      layout_loops_ring, basic_altar, uniq_terence, uniq_robin

Skill      XL: |  1  2 |
---------------+-------+-----
Axes           | 2 3 |  3.2
Fighting       | |  3.2
Armour         | |  3.2
Shields        | |  3.2

Action                   || total
-------------------------++-------
Melee: War axe           ||    55
  Use: Scroll            ||     2
       Potion            ||     1
Armor: Scale mail        ||    29
Dodge: Dodged            ||    38
Block: Buckler           ||    12

Table legend:
 A = Non-vault XP
 B = Vault XP
 C = Vault XP percentage of total XP
 D = Non-vault monster count
 E = Vault monster count
 F = Vault count percentage of total count
                 A         B        C        D         E       F
            +---------+---------+-------+---------+---------+-------
      Total |      32 |      14 |  30.4 |      18 |       7 |  28.0
            +---------+---------+-------+---------+---------+-------
        D:1 |      25 |       0 |   0.0 |      16 |       0 |   0.0
        D:2 |       7 |      14 |  66.7 |       2 |       7 |  77.8
            +---------+---------+-------+---------+---------+-------
